 Dungeon Crawl Stone Soup version 0.17-a0-1583-g2df49ec (webtiles) character file.

82 patman the Chopper (level 4, -19/39 HPs)
             Began as a Minotaur Fighter on July 28, 2015.
             Demolished by an ogre
             ... wielding a cursed -1 giant club
              (25 damage)
             ... on level 5 of the Dungeon.
             The game lasted 00:01:59 (616 turns).

patman the Chopper (Minotaur Fighter)                Turns: 616, Time: 00:01:59

Health: -19/39     AC: 10    Str: 25    XL:     4   Next: 21%
Magic:  3/3        EV:  6    Int:  5    God:
Gold:   68         SH: 10    Dex: 11    Spells: 0 memorised, 3 levels left

rFire  . . .     SeeInvis .     a - +0 war axe
rCold  . . .     Clarity  .     n - +0 chain mail
rNeg   + . .     SustAt   .     c - +0 shield
rPois  .         Gourm    .     (helmet restricted)
rElec  .         Spirit   .     (no cloak)
rCorr  .         Warding  +     (no gloves)
rMut   .         Stasis   .     l - +0 pair of boots (curse)
MR     .....                    m - amulet of warding
Stlth  ..........               (no ring)
                                (no ring)

@: mighty, not resistant to hostile enchantments, extremely unstealthy
A: retaliatory headbutt, horns 2
a: no special abilities


You were on level 5 of the Dungeon.
You were not hungry.

You visited 1 branch of the dungeon, and saw 5 of its levels.

You collected 68 gold pieces.

Inventory:

Hand weapons
 a - a +0 war axe (weapon)
Armour
 c - a +0 shield (worn)
 l - a cursed +0 pair of boots (worn)
 n - a +0 chain mail (worn)
Jewellery
 i - a +2 ring of evasion {unknown}
 m - an amulet of warding (around neck)
Scrolls
 b - a scroll of noise
 g - a scroll of teleportation {unknown}
Potions
 f - a potion of curing
 h - a potion of brilliance
 j - a potion of invisibility {unknown}
 k - a potion of lignification {unknown}
Comestibles
 e - 2 bread rations


   Skills:
 - Level 3.6 Fighting
 + Level 5.4 Axes
 - Level 3.6 Armour
 - Level 3.6 Shields


You had 3 spell levels left.
You didn't know any spells.

Dungeon Overview and Level Annotations

Branches:
Dungeon (5/15)
 Temple: D:4-7

Altars:
Gozag


Innate Abilities, Weirdness & Mutations

You reflexively headbutt those who attack you in melee.
You have a pair of horns on your head.


Message History

The orc hits you but does no damage.
Drink which item? (? for menu, Esc to quit)
You feel very mighty all of a sudden. The orc hits you with a falchion.
You slice the orc!!
You kill the orc!
The ogre hits you with a giant club!
Found an opulent altar of Gozag.
Your shield and chain mail prevent you from hitting the ogre.
The ogre hits you with a giant club.
* * * LOW HITPOINT WARNING * * *
Unknown command.
You completely miss the ogre. You headbutt the ogre.
The ogre is lightly wounded.
You block the ogre's attack.
You slash the ogre!
The ogre is severely wounded.
The ogre hits you with a giant club!!
Ouch! That really hurt!
You die...

... ## #.#
######.##.###.#
......#.......#
#..#.#####
#<.#.# #..#.#
#..#.#########
#..#..@O......
#.....)..#####
##.####...###..#
......[.<.# .##
##.####.#.# ..
#...# .## #...#
_. ##..# .# ##.#


You could see an ogre.

Vanquished Creatures
  Natasha (D:3)
  2 adders (D:2)
  An adder skeleton (D:3)
  A worm (D:3)
  An orc (D:5)
  4 bats
  A bat zombie (D:4)
  3 giant cockroaches
  5 hobgoblins
  4 jackals (D:2)
  A giant newt (D:3)
  A goblin (D:1)
  6 kobolds
  A rat (D:1)
32 creatures vanquished.

Notes
Turn   | Place    | Note
--------------------------------------------------------------
     0 | D:1      | patman the Minotaur Fighter began the quest for the Orb.
     0 | D:1      | Reached XP level 1. HP: 19/19 MP: 0/0
   188 | D:1      | Reached XP level 2. HP: 17/26 MP: 1/1
   265 | D:2      | Reached skill level 4 in Axes
   301 | D:2      | Reached XP level 3. HP: 19/31 MP: 2/2
   338 | D:3      | Noticed Natasha
   500 | D:3      | Killed Natasha
   500 | D:3      | Reached skill level 5 in Axes
   500 | D:3      | Reached XP level 4. HP: 13/39 MP: 3/3
   588 | D:5      | Entered Level 5 of the Dungeon
   608 | D:5      | Noticed an ogre
   613 | D:5      | Found an opulent altar of Gozag.
   616 | D:5      | Demolished by an ogre

Vault maps used:
D:1:      scummos_arrival_forest
D:2:      ecumenical_altar_1
D:3:      portal_sewer_entry_f, uniq_natasha
D:4:      nicolae_overflow_crystal_walls, serial_forest,
          infiniplex_forest_clump_curved, infiniplex_forest_straight_2,
          infiniplex_forest_lined_3, infiniplex_forest_lined_corner,
          infiniplex_forest_fountain
D:5:      nicolae_gozag_cash_rules_everything_around_me,
          nicolae_overflow_hidden_temple, first_bread, uniq_duvessa

Action                   |  1- 3 |  4- 6 || total
-------------------------+-------+-------++-------
Melee: War axe           |    52 |    15 ||    67
  Use: Scroll            |       |     3 ||     3
       Potion            |       |     1 ||     1
